 Dungeon Crawl Stone Soup version 0.30-a0-311-gf115ab0292 (webtiles) character file.

Game seed: 6842432154702712150

8978 retardedninja the Protected (level 11, -11/97 HPs)
             Began as a Minotaur Fighter on Oct 25, 2022.
             Was an Initiate of Gozag.
             Mangled by a large abomination (18 damage)
             ... on level 1 of the Abyss.
             The game lasted 00:20:02 (10907 turns).

retardedninja the Protected (Minotaur Fighter)     Turns: 10907, Time: 00:20:03

Health: -11/97     AC: 22    Str: 36    XL:     11   Next: 17%
Magic:  10/10      EV: 10    Int:  5    God:    Gozag
Gold:   1751       SH:  6    Dex: 14    Spells: 10/10 levels left

rFire   . . .      SeeInvis +    i - +4 falchion of the Pharaoh's Fist {flame, Drain rPois Str+5 Dex+4}
rCold   . . .      Faith    .    c - +0 buckler
rNeg    . . .      Spirit   .    B - +1 plate armour
rPois   +          Reflect  .    (helmet restricted)
rElec   .          Harm     .    C - +1 cloak
rCorr   .          Rampage  .    (no gloves)
Will    .....                    (no boots)
Stlth   ..........               k - amulet of Wisdom {Regen+ SInv}
HPRegen 1.16/turn                w - +6 ring of strength
MPRegen 0.12/turn                r - +4 ring of protection

@: engulfed (cannot breathe)
A: horns 2, retaliatory headbutt
a: Renounce Religion, Potion Petition, Call Merchant, Bribe Branch


You were on level 1 of the Abyss.
You worshipped Gozag.
Gozag was most pleased with you.
You visited 1 branch of the dungeon, and saw 9 of its levels.
You visited the Abyss 1 time.
You also visited: Sewer and Bailey.

You collected 1789 gold pieces.
You paid 38 gold pieces to Gozag.

Inventory:

Hand Weapons
 a - a +2 war axe
 i - the +4 falchion of the Pharaoh's Fist (weapon) {flame, Drain rPois Str+5 Dex+4}
   (You found it on level 4 of the Dungeon)

   It burns those it strikes, dealing additional fire damage.
   Big, fiery blades are also staple armaments of hydra-hunters.
   Str:       It affects your strength (+5).
   Dex:       It affects your dexterity (+4).
   rPois:     It protects you from poison.
   Drain:     It drains your maximum health when unequipped.
Missiles
 b - 3 javelins
 g - 10 boomerangs
 s - 5 throwing nets (quivered)
Armour
 c - a +0 buckler (worn)
 B - a +1 plate armour (worn)
 C - a +1 cloak (worn)
Jewellery
 k - the amulet of Wisdom (around neck) {Regen+ SInv}
   (You acquired it on level 6 of the Dungeon)

   [amulet of regeneration]

   SInv:      It lets you see invisible.
   Regen:     It increases your rate of health regeneration.
 r - a +4 ring of protection (right hand)
 w - a +6 ring of strength (left hand)
Wands
 m - a wand of light (14)
 E - a wand of charming (7)
Scrolls
 d - 4 scrolls of summoning
 e - 5 scrolls of teleportation
 f - 2 scrolls of amnesia
 p - a scroll of fog
 q - a scroll of enchant weapon
Potions
 h - 4 potions of attraction
 j - 3 potions of resistance
 l - 6 potions of curing
 o - 3 potions of flight
 z - a potion of magic


   Skills:
 + Level 9.1 Fighting
 + Level 11.0 Long Blades
 + Level 7.0 Axes
 + Level 2.3 Throwing
 + Level 11.0 Armour
 + Level 4.5 Dodging
 + Level 1.9 Stealth
 + Level 7.8 Shields


You had 10 spell levels left.
You didn't know any spells.
Your spell library contained the following spells:

 Spells                   Type           Power      Damage    Failure   Level
 Apportation              Tloc           0%         N/A       98%         1
 Magic Dart               Conj           0%         1d3       98%         1
 Necrotise                Necr           0%         1d4       98%         1
 Summon Small Mammal      Summ           0%         N/A       98%         1
 Searing Ray              Conj           0%         2d4       99%         2
 Vampiric Draining        Necr           0%         2d6       100%        3
 Fulminant Prism          Conj/Hex       0%         3d6       100%        4
 Leda's Liquefaction      Hex/Erth       0%         N/A       100%        4
 Agony                    Necr           0%         N/A       100%        5
 Lee's Rapid Deconstruct  Erth           0%         3d4*      100%        5
 Statue Form              Tmut/Erth      0%         N/A       100%        6


Dungeon Overview and Level Annotations

Branches:
Dungeon (9/15)             Temple (0/1) D:7             Orc (0/2) D:9
  Sewer (visited)          Bailey (visited)
   Lair: D:8-11

Altars:
Gozag
Hepliaklqana
Kikubaaqudgha
Uskayaw
Xom
Yredelemnul

Shops:
D:3 :   D:6 *   D:8 [   D:9 !

Annotations:
D:9 Erolcha


Innate Abilities, Weirdness & Mutations

You have a pair of horns on your head.
You reflexively headbutt those who attack you in melee.


Message History

The ufetubus hits you but does no damage. x2
The ufetubus closely misses you. You furiously retaliate!
You headbutt the ufetubus. The ufetubus hits you.
* * * LOW HITPOINT WARNING * * *
The ufetubus barely misses you. You furiously retaliate!
You headbutt the ufetubus. The ufetubus closely misses you.
The water elemental hits you.
* * * LOW HITPOINT WARNING * * *
Unknown command.
Unknown command.
Okay, then.
You cannot call out to Gozag while unable to breathe.
You feel better.
* * * LOW HITPOINT WARNING * * *
Your lungs strain for air!
The ufetubus hits you but does no damage.
The ufetubus barely misses you. You block the ufetubus's attack.
The ufetubus hits you but does no damage.
The ufetubus misses you. You furiously retaliate!
You headbutt the ufetubus!
You kill the ufetubus!
The ufetubus disappears in a puff of smoke!
The ynoxinul barely misses you. The orange demon barely misses you.
The large abomination hits you!
* * * LOW HITPOINT WARNING * * *
The water elemental hits you.
The ufetubus hits you but does no damage. x2
The ufetubus closely misses you. The ufetubus misses you.
You feel better.
* * * LOW HITPOINT WARNING * * *
Your lungs strain for air!
The orange demon stings you but does no damage.
The ynoxinul gestures at you. The iron shot hits you.
* * * LOW HITPOINT WARNING * * *
You block the ufetubus's attack. The ufetubus closely misses you.
The ufetubus completely misses you.
The ufetubus hits you but does no damage.
The large abomination hits you!!
You die...
Your body crumbles into a pile of gold.

.## $ ### $~.
### $⌠#####
#55##~##... ##
#5@5.~.##.#.
#X3E5#......
#45.#.....#
##§5§.#....# .
#......#.#. ..
#..#.#....##..
.
#.##..#....#.
# .. #
....##....#...
###.## ..#.. #
#


You could see an orange demon, a large abomination, a water elemental, a
ynoxinul and 7 ufetubi.

Vanquished Creatures
  2 vault guards (Bailey)
  A centaur warrior (D:7)
  Grinder (D:6)
  Prince Ribbit (Bailey)
  A hornet (D:9)
  A wyvern (D:6)
  4 humans (Bailey)
  3 vampire mosquitoes (D:9)
  A water moccasin (D:7)
  3 ice beasts
  4 sky beasts
  2 orc warriors (D:8)
  A black bear (D:6)
  6 centaurs
  3 ogres
  2 phantoms
  6 bullfrogs
  6 kobold brigands
  7 scorpions
  A necrophage (D:7)
  2 gnoll sergeants
  12 wights
  5 killer bees (D:9)
  An electric eel (D:6)
  7 hounds
  2 jellies (D:7)
  4 orc priests
  Crazy Yiuf (D:3)
  5 gnoll boudas
  7 iguanas
  5 orc wizards
  10 adders
  27 gnolls
  3 white imps
  An ufetubus (D:4)
  A worm (D:3)
  5 dart slugs
  29 orcs
  6 endoplasms
  2 giant cockroaches
  11 goblins
  5 hobgoblins
  6 jackals
  7 quokkas
  5 ball pythons
  4 bats
  A frilled lizard (D:3)
  14 kobolds
  10 rats
254 creatures vanquished.

Vanquished Creatures (others)
  4 fungi (D:8)
  10 plants
14 creatures vanquished.

Grand Total: 268 creatures vanquished

Notes
Turn   | Place    | Note
-------+----------+-------------------------------------------
     0 | D:1      | retardedninja the Minotaur Fighter began the quest for the
                  | Orb.
     0 | D:1      | Reached XP level 1. HP: 19/19 MP: 0/0
   132 | D:1      | Reached XP level 2. HP: 20/27 MP: 1/1
   452 | D:1      | Found a faded altar of an unknown god.
   577 | D:1      | Reached XP level 3. HP: 27/33 MP: 2/2
  1138 | D:2      | Reached XP level 4. HP: 29/40 MP: 3/3
  1695 | D:3      | Found a glowing drain.
  1706 | Sewer    | Entered a sewer
  1765 | Sewer    | Noticed a kobold brigand
  1766 | Sewer    | Noticed a kobold brigand
  1777 | Sewer    | Killed a kobold brigand
  1778 | Sewer    | Reached skill level 5 in Armour
  1778 | Sewer    | Reached XP level 5. HP: 29/47 MP: 4/4
  1781 | Sewer    | Reached skill level 1 in Dodging
  1972 | Sewer    | Found a white marble altar of Elyvilon.
  2151 | D:3      | Found Qiomimm's Book Shoppe.
  2212 | D:3      | Found an ancient bone altar of Kikubaaqudgha.
  2214 | D:3      | Found an opulent altar of Gozag.
  2220 | D:3      | Found a shimmering altar of Xom.
  2233 | D:3      | Became a worshipper of Gozag Ym Sagoz the Greedy
  2328 | D:3      | Found a basalt altar of Yredelemnul.
  2381 | D:3      | Found a runed translucent door.
  2382 | D:3      | Noticed Crazy Yiuf
  2684 | D:3      | Noticed a +0 hand axe
  2685 | D:3      | Noticed a +0 dagger
  2686 | D:3      | Found a hide-covered altar of Uskayaw.
  2693 | D:3      | Reached XP level 6. HP: 49/53 MP: 5/5
  3011 | D:3      | Killed Crazy Yiuf
  3012 | D:3      | Reached skill level 5 in Axes
  3259 | D:4      | Reached skill level 5 in Fighting
  3613 | D:4      | Reached XP level 7. HP: 59/61 MP: 6/6
  3952 | D:4      | Identified the +4 falchion of the Pharaoh's Fist {flame,
                  | Drain rPois Str+5 Dex+4}
  4104 | D:5      | Entered Level 5 of the Dungeon
  4235 | D:5      | Reached skill level 5 in Shields
  4257 | D:5      | Reached skill level 1 in Long Blades
  4359 | D:5      | Reached skill level 1 in Stealth
  4697 | D:5      | Reached XP level 8. HP: 54/69 MP: 7/7
  5205 | D:6      | Found Jiniush's Assorted Antiques.
  5302 | D:6      | Noticed Grinder
  5307 | D:6      | Paralysed by Grinder for 3 turns
  5312 | D:6      | Killed Grinder
  5454 | D:6      | Reached skill level 5 in Long Blades
  5921 | D:6      | Reached XP level 9. HP: 60/75 MP: 8/8
  6712 | D:6      | Identified a scroll of acquirement
  6712 | D:6      | Acquired the amulet of Wisdom {Regen+ SInv}
  7065 | D:7      | Noticed a centaur warrior
  7071 | D:7      | Killed a centaur warrior
  7072 | D:7      | Reached skill level 1 in Throwing
  7290 | D:7      | You fall into a shaft and drop 1 floor!
  7365 | D:7      | Found a staircase to the Ecumenical Temple.
  7527 | D:7      | Reached XP level 10. HP: 85/86 MP: 9/9
  8148 | D:8      | Found Qeokai's Antique Armour Emporium.
  8792 | D:8      | Found a faded altar of an unknown god.
  8795 | D:8      | Found a faded altar of an unknown god.
  8795 | D:8      | Found a hazy altar of Hepliaklqana.
  9325 | D:9      | Reached skill level 10 in Armour
  9486 | D:9      | Found Laraisyana's Distillery.
  9667 | D:9      | Found a flagged portal.
  9688 | Bailey   | Entered a bailey
  9725 | Bailey   | Reached skill level 10 in Long Blades
  9970 | Bailey   | Noticed Prince Ribbit
  9970 | Bailey   | Noticed a vault guard
  9985 | Bailey   | Killed a vault guard
  9991 | Bailey   | Killed Prince Ribbit
 10061 | Bailey   | Noticed a vault guard
 10076 | Bailey   | Killed a vault guard
 10077 | Bailey   | Reached XP level 11. HP: 58/95 MP: 10/10
 10805 | D:9      | Noticed Erolcha
 10806 | Abyss:1  | Cast into level 1 of the Abyss (Erolcha)
 10862 | Abyss:1  | Noticed a large abomination
 10907 | Abyss:1  | Mangled by a large abomination

Illustrated notes

Levels and vault maps discovered:
D:1:      dpeg_arrival_refuge, layout_basic, shapermc_ecumenical_altar_ellora,
          st_stairs_12
D:2:      layout_loops_ring
D:3:      layout_basic, grunt_temple_overflow_open, mainiacjoe_overflow_paths,
          dancing_weapons_uskayaw, portal_sewer_entry_d, serial_shops,
          shop_coins, uniq_crazy_yiuf_cottage
D:4:      layout_basic, hangedman_decor_growths, grunt_ministairs_10,
          grunt_decor_cap
D:5:      layout_basic, corexii_hall_statues_t
D:6:      layout_cave_pools, serial_shops,
          nicolae_shop_temple_entry_statues_fountains, minmay_misc_feat_alley,
          roderic_lattice_a, kennysheep_generic_room_16, uniq_grinder
D:7:      nzn_winding_woodlands_three_and_one
          [nzn_winding_woodlands_5x15_sidewinder,
          nzn_winding_woodlands_5x15_pathside_ponds,
          nzn_winding_woodlands_5x15_zeroes,
          nzn_winding_woodlands_center_lodge], layout_basic,
          minmay_temple_entry_glass, nicolae_ossuary_entry_ruins,
          minmay_misc_feat_x
D:8:      kennysheep_seaside_town, layout_basic,
          nicolae_hepliaklqana_ecumenical_no_more, serial_shops, shop_statue,
          amcnicky_mini_corridor_feature
D:9:      layout_irregular_city, orc_0_dummy, enter_bailey_2, serial_shops,
          kennysheep_mini_moat, kennysheep_cluttered_room, nrook_campfire,
          nicolae_take_the_stairs, uniq_erolcha
Abyss:1:  base: D:9, hangedman_relentless_pull, hangedman_relentless_pull,
          hangedman_abyss_mock_shop

Skill      XL: |  1  2  3  4  5  6  7  8  9 10 11 |
---------------+----------------------------------+-----
Armour         | 4 5 6 8 9 10 11 | 11.0
Shields        | 4 5 6 7 |  7.8
Fighting       | 4 5 6 7 8 9 |  9.1
Axes           | 3 4 5 6 7 |  7.0
Dodging        | 1 2 3 4 |  4.5
Long Blades    | 1 5 8 10 11 | 11.0
Stealth        | 1 |  1.9
Throwing       | 2 |  2.3

Action                   |  1- 3 |  4- 6 |  7- 9 | 10-12 || total
-------------------------+-------+-------+-------+-------++-------
Melee: War axe           |    80 |    81 |    17 |       ||   178
       Headbutt          |    14 |    17 |    45 |    60 ||   136
       Falchion          |       |       |   219 |   298 ||   517
Throw: Boomerang         |       |       |     4 |     7 ||    11
       Throwing net      |       |       |     4 |     2 ||     6
  Use: Potion            |       |     2 |     1 |     9 ||    12
       Scroll            |       |     3 |     7 |    15 ||    25
Armor: Scale mail        |    45 |    45 |   102 |    48 ||   240
       Plate armour      |       |       |       |   137 ||   137
Dodge: Dodged            |    40 |    34 |   165 |   194 ||   433
Block: Buckler           |    15 |    16 |    69 |   130 ||   230

Table legend: (Time is in decaauts)
 A = Elapsed time spent in this place.
 B = Non-inter-level travel time spent in this place.
 C = Inter-level travel time spent in this place.
 D = Time resting spent in this place.
 E = Time spent auto-exploring this place.
 F = Levels seen in this place.
 G = Mean time per level.
                   A        B        C        D        E       F      G
               +--------+--------+--------+--------+--------+-----+--------+
         Total |  10978 |  10532 |    446 |   2212 |   6587 |  12 |  914.8 |
       Dungeon |   9825 |   9379 |    446 |   1604 |   6311 |   9 | 1091.7 |
         Abyss |     99 |     99 |      0 |      0 |      9 |   1 |   99.0 |
         Sewer |    340 |    340 |      0 |    174 |    114 |   1 |  340.0 |
        Bailey |    712 |    712 |      0 |    434 |    152 |   1 |  712.0 |
               +--------+--------+--------+--------+--------+-----+--------+

Top non-repeatable levels by time:
     D:6: 1644 daAuts
     D:3: 1348 daAuts
     D:8: 1188 daAuts
     D:5: 1153 daAuts
     D:7: 1067 daAuts
     D:4: 989 daAuts
     D:1: 955 daAuts
     D:2: 742 daAuts
     D:9: 735 daAuts
  Bailey: 712 daAuts
   Sewer: 340 daAuts
 Abyss:1: 99 daAuts
